 Dungeon Crawl Stone Soup version 0.25-a0-21-ga5a8db4 (webtiles) character file.

Game seed: 11952692701579203992, levelgen mode: deterministic

149418 DrEnzyme the Thaumaturge (level 17, -24/84 HPs)
             Began as a Vine Stalker Wanderer on Oct 11, 2019.
             Was the Champion of Ru.
             Annihilated by a titanic slime creature (64 damage)
             ... on level 15 of the Dungeon on Oct 16, 2019.
             The game lasted 02:38:57 (31312 turns).

DrEnzyme the Thaumaturge (Vine Stalker Wanderer)   Turns: 31312, Time: 02:38:57

Health: -24/84     AC: 26    Str: 32    XL:     17   Next: 21%
Magic:  0/32       EV: 10    Int: 13    God:    Ru [******]
Gold:   1303       SH:  4    Dex: 10    Spells: 22/43 levels left

rFire    + . .     SeeInvis .   Z - +6 rapier (elec)
rCold    + . .     Gourm    .   o - +0 buckler
rNeg     . . .     Faith    .   X - +8 plate armour "Oxturiv" {Str+4}
rPois    +         Spirit   +   p - +1 helmet
rElec    .         Reflect  .   J - +2 cloak {rPois}
rCorr    .         Harm     .   y - +0 pair of gloves
MR       +....                  U - +0 pair of boots
Stlth    ..........             d - amulet "Giomonet" {+Rage Str+9 Dex-4 Slay+2}
HPRegen  1.04/turn              K - ring of Creativity {rPois rF+ rC+}
MPRegen  0.23/turn              l - ring of wizardry

@: no potions, drained
A: fangs 3, low mp 1, poison resistance, regeneration 2, weak 1, magic shield,
antimagic bite, no potion heal 3, rot immunity, inability to drink while
threatened, inability to use devices, reduced AC 1, magic vulnerability 1
}: 1/15 runes: decaying
a: Draw Out Power, Power Leap, Apocalypse, Renounce Religion


You were on level 15 of the Dungeon.
You worshipped Ru.
Ru was exalted by your worship.
You were hungry.

You visited 5 branches of the dungeon, and saw 28 of its levels.
You also visited: Ice Cave and Volcano.

You collected 3349 gold pieces.
You spent 2046 gold pieces at shops.

Inventory:

Hand Weapons
 c - the +10 long sword of Calculation {speed, rPois Str+4 Stlth+, unknown}
   (You found it on level 10 of the Dungeon)

   Attacks with this weapon are significantly faster.
   It affects your strength (+4).
   It protects you from poison.
   It makes you more stealthy.
 k - the +6 shortbow of Peirch {freeze, rF+ Dex+6}
   (You found it on level 9 of the Dungeon)

   It causes projectiles fired from it to freeze those they strike, causing
   extra injury to most foes and up to half again as much damage against
   particularly susceptible opponents.
   They can also slow down cold-blooded creatures.
   It affects your dexterity (+6).
   It protects you from fire.
 I - a +0 fustibalus of flaming
 N - the +12 glaive of Prune {chop}
   (You found it on level 2 of the Swamp)

   It inflicts extra damage upon your enemies.
 Y - a +2 short sword of draining
 Z - a +6 rapier of electrocution (weapon)
Missiles
 v - 630 arrows
 C - 3 curare-tipped darts
 H - 52 poisoned darts (quivered)
Armour
 o - a +0 buckler (worn)
 p - a +1 helmet (worn)
 x - a +1 plate armour of fire resistance
 y - a +0 pair of gloves (worn)
 J - a +2 cloak of poison resistance (worn)
 U - a +0 pair of boots (worn)
 X - the +8 plate armour "Oxturiv" (worn) {Str+4}
   (You bought it in a shop on level 5 of the Dungeon)

   It affects your strength (+4).
Jewellery
 a - an uncursed ring of positive energy
 d - the amulet "Giomonet" (around neck) {+Rage Str+9 Dex-4 Slay+2}
   (You bought it in a shop on level 1 of the Orcish Mines)

   [amulet of rage]

   It affects your strength (+9).
   It affects your dexterity (-4).
   It affects your accuracy and damage with ranged weapons and melee attacks
   (+2).
   It lets you go berserk.
 j - an uncursed amulet of the acrobat {unknown}
 l - a ring of wizardry (right hand)
 t - an uncursed ring of protection from magic
 K - the ring of Creativity (left hand) {rPois rF+ rC+}
   (You found it on level 2 of the Swamp)

   [ring of protection from fire]

   It protects you from fire.
   It protects you from cold.
   It protects you from poison.
Scrolls
 i - 3 scrolls of identify
 q - 2 scrolls of immolation
 w - a scroll of holy word
 A - 4 scrolls of fear
 B - 6 scrolls of teleportation
 D - 12 scrolls of remove curse
 L - a scroll of magic mapping
 Q - a scroll of silence
 R - 2 scrolls of fog
 V - a scroll of amnesia
Potions
 b - 2 potions of invisibility
 e - 4 potions of haste
 g - 8 potions of mutation
 h - 8 potions of might
 m - 8 potions of curing
 n - 4 potions of resistance
 r - 2 potions of brilliance
 s - a potion of agility {unknown}
 u - a potion of berserk rage {unknown}
 z - 4 potions of lignification
 E - a potion of magic {unknown}
 G - 2 potions of ambrosia
Comestibles
 f - 42 rations


   Skills:
 + Level 7.2(6.3) Fighting
 + Level 10.9(10.0) Short Blades
   Level 0.6(1.0) Maces & Flails
   Level 2.6(2.0) Staves
 - Level 4.5(3.7) Throwing
 * Level 11.1(10.1) Armour
 + Level 5.9(5.0) Dodging
 + Level 10.4(9.4) Stealth
 - Level 4.0(3.2) Shields
 * Level 13.7(12.7) Spellcasting
 * Level 10.1(9.1) Conjurations
 * Level 9.9(9.0) Hexes
 + Level 6.7(5.8) Transmutations
 + Level 0.1(0.0) Earth Magic


You had 22 spell levels left.
You knew the following spells:

 Your Spells              Type           Power        Failure   Level  Hunger
a - Sticks to Snakes      Tmut           ###.....     3%          2    None
b - Passwall              Tmut/Erth      ###.....     11%         2    None
c - Confusing Touch       Hex            ####..       1%          1    None
d - Corona                Hex            ####...      1%          1    None
e - Ensorcelled Hibernat  Hex/Ice        ###...       6%          2    None
f - Tukima's Dance        Hex            ####....     1%          3    None
g - Orb of Destruction    Conj           ####......   98%         7    #######
h - Dazzling Spray        Conj/Hex       ####..       1%          3    None

Your spell library contained the following spells:

 Spells                   Type           Power        Failure   Level  Hunger
 Confuse                  Hex            ####....     1%          3    None
 Beastly Appendage        Tmut           ###...       2%          1    None
 Throw Frost              Conj/Ice       ###...       6%          2    None
 Spider Form              Tmut/Pois      ###.......   21%         3    None
 Freeze                   Ice            #...         24%         1    None
 Yara's Violent Unravell  Hex/Tmut       ####......   30%         5    #####..
 Throw Icicle             Conj/Ice       ###.....     32%         4    ###....
 Blade Hands              Tmut           ###.......   50%         5    #####..
 Gell's Gravitas          Tloc           #.........   54%         3    None
 Ozocubu's Armour         Chrm/Ice       #.......     54%         3    None
 Ice Form                 Ice/Tmut       ###.....     54%         4    ###....
 Petrify                  Tmut/Erth      ###.....     54%         4    ###....
 Iskenderun's Battlesphe  Conj/Chrm      ###.....     65%         5    #####..
 Venom Bolt               Conj/Pois      ###.......   65%         5    #####..
 Metabolic Englaciation   Hex/Ice        ###.......   67%         5    #####..
 Bolt of Magma            Conj/Fire/Erth ###.......   86%         5    #####..
 Summon Ice Beast         Ice/Summ       #.......     90%         4    ###....
 Iron Shot                Conj/Erth      ###.......   99%         6    ######.
 Spellforged Servitor     Conj/Summ      ###.......   100%        7    #######


Dungeon Overview and Level Annotations

Branches:
Dungeon (15/15)            Temple (0/1) D:5            Lair (6/6) D:8
  Swamp (4/4) Lair:3       Spider (1/4) Lair:2        Slime (0/5) Lair:5
    Orc (2/2) D:12            Elf (0/3) Orc:2        Vaults (0/5) D:14
  IceCv (visited)         Volcano (visited)
 Depths: D:15

Altars:
Elyvilon
Makhleb
Nemelex Xobeh
Qazlal
Ru
Trog
The Shining One
Beogh

Shops:
D:5 [   D:11 }   Orc:1 =   Orc:2 !*%[

Portals:
Trove: D:12 (give 13 scrolls of teleportation)

Annotations:
D:4 exclusion: downstairs
D:5 exclusion: door
D:14 2 runed translucent doors, exclusion: orange crystal statue
Lair:3 exclusion: downstairs
Lair:4 1 runed translucent door, exclusions: door and oklob plant, Neduy's ghost, journeyman MiBe
Lair:6 1 runed translucent door
Swamp:3 exclusion: downstairs


Innate Abilities, Weirdness & Mutations

You have razor-sharp teeth.
Your magical capacity is low. (-10% MP)
You heal very quickly.
You are weak. (Str -2)
When hurt, damage is shared between your health and your magic reserves.
Your bite disrupts and absorbs the magic of your enemies.
Potions cannot restore your health.
You are immune to rotting.
You cannot drink potions while threatened.
You cannot study or use magical devices.
You take slightly more damage. (AC -5)
You are slightly vulnerable to magic. (MR-)
Your system is resistant to poisons. (rPois)


Message History

The titanic slime creature is severely wounded.
You puncture the titanic slime creature!
Lightning courses through the titanic slime creature!
The titanic slime creature is severely wounded.
The titanic slime creature barely misses you.
You puncture the titanic slime creature!
You bite the titanic slime creature. You drain its power.
The titanic slime creature is severely wounded.
You can drink potions again.
You puncture the titanic slime creature!
You bite the titanic slime creature! You drain its power.
The titanic slime creature is almost dead.
The titanic slime creature hits you but does no damage.
You hit the titanic slime creature. You bite the titanic slime creature!
You drain its power.
The titanic slime creature is almost dead.
The titanic slime creature hits you!!!!
You feel threatened and lose the ability to drink potions!
Ouch! That really hurt!
You die...

##........#.. #.....
#..#.#
#####....###..#.##
...........[......
....<...........#.
#......##.......
#.....).........
#######.......#.......
#....@Jo...(.##.#.#...
#.#####.....###.#.##..
#.....##..#.....
....#######.##.....
###. #.....#.# #.
####.#.###.# #.
#......# #.. #.
#......##..#
#..........#


You could see a titanic slime creature and an orc.

Vanquished Creatures
  2 thorn hunters
  Kirke (D:12)
  A very ugly thing (Swamp:2)
  A fire dragon (Lair:6)
  19 hydras
  2 centaur warriors
  A ghost crab (Swamp:2)
  An ogre mage (D:12)
  9 alligators
  A death knight (D:11)
  7 two-headed ogres
  A dancing weapon (Volcano)
  2 death yaks (Lair:4)
  An orc high priest (Orc:1)
  A fire crab (Lair:6)
  A skeletal warrior (D:14)
  5 unseen horrors
  3 spriggan druids
  11 swamp dragons
  A phantasmal warrior (D:11)
  4 wizards (Volcano)
  A swamp dragon (shapeshifter) (D:15)
  2 lindwurms (Lair:6)
  A deep elf mage (D:15)
  7 orc knights
  2 orb spiders (Spider:1)
  2 orc sorcerers
  12 ugly things
  3 cyclopes
  5 toenail golems (Volcano)
  3 elephants (Lair:4)
  6 black mambas
  6 torpor snails
  A gargoyle (D:10)
  18 spiny frogs
  13 rime drakes (Lair:6)
  6 komodo dragons
  5 demonic crawlers
  A freezing wraith (D:14)
  4 jumping spiders
  A queen bee (Lair:3)
  2 polar bears
  4 trolls
  13 hornets
  A polar bear (shapeshifter) (D:14)
  10 blink frogs
  15 tyrant leeches
  A harpy skeleton (D:14)
  19 slime creatures
  5 dream sheep
  13 hippogriffs
  3 bog bodies
  10 redbacks
  A wraith (D:12)
  9 spriggans
  5 shadows
  A tarantella (Spider:1)
  4 wyverns
  3 hogs (D:12)
  10 steam dragons (Lair:6)
  A vampire (D:12)
  25 yaks
  A hungry ghost (D:12)
  A basilisk (Lair:3)
  18 vampire mosquitoes
  A soldier ant (D:10)
  18 insubstantial wisps
  4 wargs
  22 swamp worms
  10 water moccasins
  6 porcupines
  13 swamp drakes
  46 orc warriors
  4 sky beasts
  A necrophage (D:8)
  2 phantoms
  3 black bears
  2 eyes of draining
  9 ice beasts
  18 ogres
  20 wolves
  21 centaurs
  A boggart (D:14)
  15 crocodiles
  9 big kobolds
  13 bullfrogs
  Blork the orc (D:6)
  5 gnoll sergeants
  A wyvern zombie (D:12)
  5 wyvern skeletons
  3 scorpions
  14 killer bees (Lair:3)
  6 wights
  4 electric eels
  6 crimson imps
  A quasit (D:13)
  2 bullfrog zombies (D:12)
  2 centaur zombies
  A gnoll shaman (D:10)
  2 jellies
  A bullfrog skeleton (D:10)
  6 centaur skeletons
  18 orc priests
  6 hounds
  6 iguanas
  28 orc wizards
  5 worker ants
  A worker ant zombie (D:10)
  13 gnolls
  13 adders
  A river rat (D:5)
  6 shadow imps
  An ooze (D:5)
  An adder zombie (D:6)
  An adder skeleton (D:8)
  2 worms
  5 dart slugs
  3 leopard geckos
  90 orcs
  8 giant cockroaches
  7 goblins
  5 hobgoblins
  10 jackals
  7 quokkas
  6 bats
  8 frilled lizards
  A jackal zombie (D:7)
  12 kobolds
  4 rats
  6 fungi (Lair:5)
  8 plants
929 creatures vanquished.

Vanquished Creatures (collateral kills)
  the Lernaean hydra (Swamp:4)
  A hydra (Swamp:4)
  A komodo dragon (Lair:6)
  A tyrant leech (Swamp:1)
  A bog body (Lair:3)
  A yak (Lair:6)
  A vampire mosquito (Swamp:1)
  A sky beast (D:8)
  A bullfrog (D:6)
  An orc priest (D:3)
  An orc wizard (D:4)
  Jessica (D:3)
  A worker ant (D:5)
  A gnoll (D:3)
  A leopard gecko (D:2)
  2 orcs
  A goblin (D:3)
  A ball python (D:3)
  A rat (D:1)
  A fungus (Lair:1)
21 creatures vanquished.

Vanquished Creatures (others)
  2 wizards
  An orc sorcerer (Orc:2)
  A spiny frog (Lair:4)
  A hog (D:12)
  2 steam dragons (Lair:6)
  A human (D:12)
  A swamp worm (Swamp:4)
  A water moccasin (Lair:3)
  A swamp drake (Swamp:4)
  4 orc warriors
  An ogre (Orc:2)
  4 orcs
  A bush (Lair:4)
  17 fungi
  24 plants
  5 toadstools (D:5)
67 creatures vanquished.

Grand Total: 1017 creatures vanquished

Notes
Turn   | Place    | Note
-------+----------+-------------------------------------------
     0 | D:1      | DrEnzyme the Vine Stalker Wanderer began the quest for the
                  | Orb.
     0 | D:1      | DrEnzyme set off with the following items: a +2 dagger, a
                  | scroll of fear, a +0 falchion, a +0 robe, a ration; and the
                  | following spells available to memorise: Sticks to Snakes,
                  | Passwall
     0 | D:1      | Reached XP level 1. HP: 10/10 MP: 3/3
   397 | D:1      | Reached XP level 2. HP: 12/14 MP: 5/5
   439 | D:1      | Learned a level 2 spell: Sticks to Snakes
   915 | D:1      | Reached XP level 3. HP: 18/18 MP: 4/6
  1086 | D:2      | Found a stormy altar of Qazlal.
  2381 | D:3      | Reached skill level 1 in Shields
  2381 | D:3      | Gained mutation: Your natural rate of healing is unusually
                  | fast. [Vine Stalker growth]
  2381 | D:3      | Reached XP level 4. HP: 22/22 MP: 7/7
  2392 | D:3      | Reached skill level 1 in Short Blades
  2403 | D:3      | Learned a level 2 spell: Passwall
  2825 | D:3      | Reached XP level 5. HP: 15/25 MP: 6/8
  2855 | D:3      | Noticed Jessica
  2864 | D:3      | Killed Jessica
  2864 | D:3      | Reached skill level 2 in Spellcasting
  2957 | D:3      | Learned a level 1 spell: Confusing Touch
  3498 | D:4      | Found a white marble altar of Elyvilon.
  3498 | D:4      | Found a sacrificial altar of Ru.
  3591 | D:4      | Became a worshipper of Ru the Awakened
  3659 | D:4      | Reached XP level 6. HP: 19/30 MP: 11/11
  3967 | D:5      | Entered Level 5 of the Dungeon
  4097 | D:5      | Noticed a phantom
  4135 | D:5      | Reached skill level 3 in Spellcasting
  4268 | D:5      | Noticed an ice beast
  4282 | D:5      | Killed an ice beast
  4282 | D:5      | Reached skill level 1 in Throwing
  4282 | D:5      | Reached skill level 1 in Dodging
  4282 | D:5      | Reached XP level 7. HP: 35/35 MP: 12/12
  4507 | D:5      | Noticed a slime creature
  4508 | D:5      | Noticed a slime creature
  4606 | D:5      | Found a staircase to the Ecumenical Temple.
  4622 | D:5      | Reached skill level 5 in Stealth
  4761 | D:5      | Found Torixtut's Antique Armour Boutique.
  4769 | D:5      | Bought a runed cloak for 142 gold pieces
  5055 | D:5      | Reached skill level 4 in Spellcasting
  5116 | D:6      | Reached skill level 1 in Hexes
  5118 | D:6      | Gained mutation: Your magical capacity is low. (-10% MP)
                  | [Ru sacrifice]
  5135 | D:6      | Found a sparkling altar of Nemelex Xobeh.
  5138 | D:6      | Noticed Blork the orc
  5242 | D:6      | Killed Blork the orc
  5242 | D:6      | Gained mutation: You have razor-sharp teeth. [Vine Stalker
                  | growth]
  5242 | D:6      | Reached XP level 8. HP: 37/39 MP: 14/14
  5823 | D:6      | Reached skill level 5 in Spellcasting
  6599 | D:6      | Reached XP level 9. HP: 35/43 MP: 14/16
  7701 | D:8      | Noticed a troll
  7717 | D:8      | Killed a troll
  7717 | D:8      | Reached skill level 6 in Spellcasting
  7882 | D:7      | Gained mutation: You are slightly vulnerable to magic.
                  | (MR-) [Ru sacrifice]
  7882 | D:7      | Reached * piety under Ru
  8184 | D:8      | Reached XP level 10. HP: 41/49 MP: 18/18
  8250 | D:8      | Found a staircase to the Lair.
  8407 | D:8      | Reached skill level 1 in Armour
  8479 | D:8      | Reached skill level 5 in Short Blades
  8691 | D:8      | Found a burning altar of Makhleb.
  8842 | D:8      | Found a glowing golden altar of the Shining One.
  9119 | D:8      | Upgraded the game from 0.24-a0-812-ga050431 to 0.25-a0
  9182 | D:9      | Got a shimmering shortbow
  9315 | D:9      | Reached skill level 5 in Transmutations
  9941 | D:10     | Entered Level 10 of the Dungeon
 10095 | D:10     | Identified the +6 shortbow of Peirch {freeze, rF+ Dex+6}
                  | (You found it on level 9 of the Dungeon)
 10312 | D:10     | Got a bloodstained long sword
 10474 | D:10     | Gained mutation: You cannot drink potions while threatened.
                  | [Ru sacrifice]
 10474 | D:10     | Reached ** piety under Ru
 10474 | D:10     | Reached *** piety under Ru
 10494 | D:10     | Reached skill level 7 in Spellcasting
 10634 | D:10     | Noticed a gargoyle
 10892 | D:11     | Upgraded the game from 0.25-a0 to 0.25-a0-2-g6559c6c
 11076 | D:11     | Found Ycuusoag's Gadget Shop.
 11076 | D:11     | Noticed a death knight
 11076 | D:11     | Noticed a skeletal warrior
 11105 | D:11     | Noticed a purple ugly thing
 11133 | D:11     | Found a frozen archway.
 11159 | IceCv    | Entered an ice cave
 11312 | IceCv    | Noticed a white ugly thing
 11330 | IceCv    | Killed a white ugly thing
 11330 | IceCv    | Reached XP level 11. HP: 29/52 MP: 20/20
 11419 | IceCv    | Learned a level 2 spell: Passwall
 11486 | D:11     | Noticed a cyclops
 11549 | D:11     | Noticed an unseen horror
 11772 | D:11     | Found a bloodstained altar of Trog.
 11775 | D:11     | Noticed a wizard
 11781 | D:11     | Killed a wizard
 11895 | Lair:1   | Entered Level 1 of the Lair of Beasts
 11939 | Lair:1   | Reached skill level 8 in Spellcasting
 11992 | Lair:1   | Upgraded the game from 0.25-a0-2-g6559c6c to
                  | 0.25-a0-18-gf4602a8
 12102 | Lair:1   | Reached skill level 5 in Dodging
 12676 | Lair:1   | You fall into a shaft and drop 1 floor!
 13076 | Lair:2   | Found a hole to the Spider Nest.
 13279 | Lair:2   | Learned a level 1 spell: Corona
 13282 | Lair:2   | Learned a level 2 spell: Ensorcelled Hibernation
 13286 | Lair:2   | Learned a level 3 spell: Tukima's Dance
 13294 | Lair:2   | Learned a level 7 spell: Orb of Destruction
 13341 | Lair:2   | Reached skill level 9 in Spellcasting
 13363 | Lair:2   | HP: 2/53 [jumping spider (4)]
 13772 | Lair:3   | Found a staircase to the Swamp.
 13930 | D:5      | Bought a faintly humming plate armour for 532 gold pieces
 13940 | D:5      | Identified the +8 plate armour "Oxturiv" {Str+4} (You
                  | bought it in a shop on level 5 of the Dungeon)
 14150 | Lair:3   | Reached skill level 1 in Conjurations
 14249 | Lair:3   | Gained mutation: You take slightly more damage. (AC -5) [Ru
                  | sacrifice]
 14249 | Lair:3   | Reached **** piety under Ru
 14510 | Lair:3   | Gained mutation: You heal very quickly. [Vine Stalker
                  | growth]
 14510 | Lair:3   | Reached XP level 12. HP: 45/58 MP: 24/24
 15271 | Lair:4   | Noticed a seven-headed hydra
 15379 | Lair:4   | Reached skill level 10 in Spellcasting
 15954 | D:12     | Reached skill level 5 in Armour
 16063 | D:12     | Found a portal to a secret trove of treasure.
 16134 | D:12     | Noticed Kirke
 16320 | D:11     | Killed a death knight
 16357 | D:11     | Reached skill level 5 in Hexes
 17030 | Lair:4   | Found a runed translucent door.
 17030 | Lair:4   | Noticed Neduy's ghost (journeyman MiBe)
 17138 | Lair:4   | Noticed a death yak
 17140 | Lair:4   | Noticed a death yak
 17165 | Lair:4   | Killed a death yak
 17181 | Lair:4   | Killed a death yak
 17181 | Lair:4   | Reached XP level 13. HP: 52/62 MP: 25/25
 17568 | Lair:4   | Gained mutation: You cannot study or use magical devices.
                  | [Ru sacrifice]
 17568 | Lair:4   | Reached ***** piety under Ru
 17842 | Lair:5   | Learned a level 3 spell: Dazzling Spray
 17983 | Lair:5   | Found a dark tunnel.
 17988 | Volcano  | Entered a volcano
 18269 | Volcano  | Reached skill level 11 in Spellcasting
 18272 | Volcano  | Reached skill level 5 in Conjurations
 18500 | Lair:5   | Reached skill level 5 in Fighting
 18758 | Lair:5   | Found a staircase to the Slime Pits.
 19029 | Lair:6   | Entered Level 6 of the Lair of Beasts
 19355 | Lair:6   | Found a runed translucent door.
 19355 | Lair:6   | Noticed an ice dragon
 19399 | Lair:6   | Reached XP level 14. HP: 62/68 MP: 27/27
 19818 | Lair:6   | Gained mutation: You are weak. (Str -2) [Ru sacrifice]
 19818 | Lair:6   | Reached ****** piety under Ru
 20120 | Lair:6   | Upgraded the game from 0.25-a0-18-gf4602a8 to
                  | 0.25-a0-21-ga5a8db4
 20952 | Swamp:1  | Entered Level 1 of the Swamp
 20973 | Swamp:1  | Noticed a thorn hunter
 20988 | Swamp:1  | Killed a thorn hunter
 20988 | Swamp:1  | Reached skill level 12 in Spellcasting
 22284 | Swamp:2  | Reached XP level 15. HP: 73/73 MP: 29/29
 22581 | Swamp:2  | Found a transporter.
 23181 | Swamp:2  | Found a transporter.
 23184 | Swamp:2  | Found the +12 glaive of Prune {chop}
 23796 | Swamp:3  | Noticed a thorn hunter
 23891 | Swamp:3  | Reached skill level 13 in Spellcasting
 24250 | D:12     | Killed Kirke
 24348 | D:12     | Found a white marble altar of Elyvilon.
 24511 | D:12     | Found a staircase to the Orcish Mines.
 24606 | Orc:1    | Entered Level 1 of the Orcish Mines
 25117 | Orc:1    | Found Inifox's Jewellery Emporium.
 25187 | Orc:1    | Found a roughly hewn altar of Beogh.
 25295 | Orc:2    | Entered Level 2 of the Orcish Mines
 25565 | Orc:2    | Found a staircase to the Elven Halls.
 25753 | Orc:2    | Reached XP level 16. HP: 76/78 MP: 30/30
 25925 | Orc:2    | Reached skill level 10 in Short Blades
 26215 | Orc:2    | Found Cishra's Food Shop.
 26215 | Orc:2    | Found Gohur's Assorted Antiques.
 26217 | Orc:2    | Found Xababloh's Distillery.
 26219 | Orc:2    | Found Eliataiz's Antique Armour Boutique.
 26224 | Orc:2    | Bought a scroll of enchant weapon for 225 gold pieces
 26224 | Orc:2    | Bought a brown potion for 27 gold pieces
 26224 | Orc:2    | Bought a dark potion for 27 gold pieces
 26224 | Orc:2    | Bought a fuming brown potion for 27 gold pieces
 26224 | Orc:2    | Bought a scroll of identify for 60 gold pieces
 26228 | Orc:2    | Bought a potion of degeneration for 18 gold pieces
 26294 | Orc:1    | Bought the amulet "Giomonet" {+Rage Str+9 Dex-4 Slay+2} for
                  | 988 gold pieces
 26818 | D:13     | Gained mutation: Your system is resistant to poisons.
                  | (rPois) [potion of mutation]
 26835 | D:13     | Reached skill level 10 in Stealth
 27192 | D:14     | Found a runed translucent door.
 27262 | D:14     | Found a runed translucent door.
 27274 | D:14     | Found a runed translucent door.
 27389 | D:14     | Found a runed translucent door.
 27798 | D:14     | Reached skill level 10 in Armour
 28373 | Swamp:2  | Got a brightly glowing bone ring
 28386 | Swamp:2  | Got an ancient silver ring
 28397 | Swamp:2  | Identified the ring of Creativity {rPois rF+ rC+} (You
                  | found it on level 2 of the Swamp)
 28399 | Swamp:2  | Identified the cursed ring "Judghihae" {Str-2 Dex+7} (You
                  | found it on level 2 of the Swamp)
 28461 | Swamp:3  | Killed a thorn hunter
 28798 | Swamp:4  | Entered Level 4 of the Swamp
 29929 | Swamp:4  | Noticed the 27-headed Lernaean hydra
 29973 | Swamp:4  | Killed the 27-headed Lernaean hydra
 30327 | Swamp:4  | Got a decaying rune of Zot
 30530 | Spider:1 | Entered Level 1 of the Spider Nest
 30543 | Spider:1 | Reached XP level 17. HP: 79/84 MP: 28/32
 30807 | D:14     | Found a gate to the Vaults.
 30941 | D:15     | Entered Level 15 of the Dungeon
 31087 | D:14     | Reached skill level 10 in Conjurations
 31312 | D:15     | Annihilated by a titanic slime creature

Levels and vault maps discovered:
D:1:      minmay_arrival_wavy_path, layout_basic
D:2:      layout_loops_cross, overflow_temple_1_default
D:3:      layout_basic, uniq_jessica
D:4:      layout_rooms, gammafunk_temple_overflow_elements
D:5:      cheibrodos_fertilizer, layout_loops_cross,
          minmay_temple_entry_antechambers, first_ration, serial_shops, shop,
          gup_sewer_entry_bowl
D:6:      layout_loops_corners, kennysheep_mini, uniq_blork_the_orc
D:7:      layout_basic, the_bakery, minmay_misc_feat_room,
          kennysheep_generic_room_8
D:8:      layout_cave_pools, bloody_makhleb, marbit_many_paths,
          erik_lair_island, serial_column_ruins, column_ruins_hut,
          column_ruins_hut, column_ruins_grid_1, column_ruins_open_tiny,
          column_ruins_grid_3, column_ruins_columns_corner,
          column_ruins_corridor_straight, column_ruins_open_medium,
          nicolae_underground_beach
D:9:      layout_basic
D:10:     layout_irregular_city
D:11:     layout_roguey, portal_ice_cave_entry_pillars_2, serial_shops,
          kennysheep_little_box, trog_wizard
D:12:     layout_basic, kennysheep_orc_monster_closet_entryway,
          nicolae_trove_entry_free_sample, basic_altar, lemuel_old_faithful,
          uniq_kirke
D:13:     layout_roguey
D:14:     layout_loops_ring, hangedman_vaults_entry_quadrant_bands,
          moated_statue, minivault_26, minmay_statue_crystal_thing
D:15:     grunt_enter_depths_magical_seal, layout_rooms,
          hangedman_decor_clover_reticule
Lair:1:   layout_misc_corridors
Lair:2:   layout_loops_ring, nicolae_spider_entry_tight_spaces
Lair:3:   layout_roguey, skrybe_swamp_entry_bodies, special_room
          [special_room_bee], minivault_23, forest_entry_grove
Lair:4:   layout_long_grid, ebering_ghost_reflecting_pool,
          grunt_forest_large_clearing_hut, grunt_megastairs_1
Lair:5:   layout_roguey, slime_dummy, nicolae_volcano_entry_s_turn,
          nicolae_quartered_pool_super, grunt_forest_small_clearings,
          serial_bayou_pond_e, hangedman_lair_unloving_vines
Lair:6:   wormcave, layout_regular_city, bobbens_dragon_lair_wall
Swamp:1:  layout_basic_swamp, evilmike_swamp_ruin_wall, lightli_tree_ring
Swamp:2:  gammafunk_its_a_trap, layout_basic_swamp, evilmike_swamp_ruin_house_6,
          swamp_pool4
Swamp:3:  layout_falls_marsh, evilmike_swamp_ruin_house_5, swamp_pool4
Swamp:4:  swamp_old_school, layout_basic_swamp, evilmike_swamp_ruin_rubble_2
Spider:1: layout_spider_delve, einodemon_crawler_minivault, uniq_jorgrun
Orc:1:    layout_caves, serial_shops, shop, kennysheep_orc_chapel
Orc:2:    st_orc_rangers, layout_diamond_mine

Skill      XL: |  1  2  3  4  5  6  7  8  9 10 11 12 13 14 15 16 17 |
---------------+----------------------------------------------------+-----
Stealth        | 3 4 5 6 7 8 9 10 | 10.4
Shields        | 1 2 3 4 |  4.0
Short Blades   | 1 2 3 4 5 6 8 9 10 | 10.9
Spellcasting   | 2 3 4 5 6 7 9 10 11 12 13 | 13.7
Transmutations | 3 4 5 6 |  6.7
Fighting       | 2 3 4 5 6 7 |  7.2
Throwing       | 1 2 3 4 |  4.5
Dodging        | 1 2 3 4 5 |  5.9
Hexes          | 1 2 3 5 6 7 8 9 |  9.9
Armour         | 2 3 6 7 8 9 10 11 | 11.1
Conjurations   | 1 4 5 7 8 9 10 | 10.1
Evocations     | 0 |  0.0
Maces & Flails | |  0.6
Staves         | |  2.6
Earth Magic    | |  0.1

Action                   |  1- 3 |  4- 6 |  7- 9 | 10-12 | 13-15 | 16-18 || total
-------------------------+-------+-------+-------+-------+-------+-------++-------
Melee: Dagger            |   108 |   159 |   339 |   570 |       |       ||  1176
       Bite              |    25 |    36 |   122 |   345 |   562 |   274 ||  1364
       Whip              |       |       |       |    57 |       |       ||    57
       Rapier            |       |       |       |   239 |  1591 |   705 ||  2535
       Short sword       |       |       |       |    18 |       |       ||    18
Throw: Dart              |     2 |    12 |    77 |   114 |    25 |    48 ||   278
 Cast: Sticks to Snakes  |     8 |    17 |    32 |    30 |    65 |    15 ||   167
       Confusing Touch   |       |     5 |    14 |    68 |    65 |     3 ||   155
       Passwall          |       |       |       |     3 |       |       ||     3
       Ensorcelled Hiber |       |       |       |       |     1 |       ||     1
       Corona            |       |       |       |       |     1 |       ||     1
       Dazzling Spray    |       |       |       |       |    41 |     3 ||    44
Invok: Sacrifice Essence |       |       |     2 |       |       |       ||     2
       Sacrifice Drink   |       |       |       |     1 |       |       ||     1
       Draw Out Power    |       |       |       |     2 |     1 |       ||     3
       Sacrifice Health  |       |       |       |     1 |       |       ||     1
       Power Leap        |       |       |       |     1 |       |       ||     1
       Apocalypse        |       |       |       |       |     5 |     2 ||     7
       Sacrifice Artific |       |       |       |       |     1 |       ||     1
       Sacrifice Purity  |       |       |       |       |     1 |       ||     1
Evoke: Wand              |       |       |     2 |     6 |     6 |       ||    14
       Lamp of fire      |       |       |       |     1 |       |       ||     1
  Use: Scroll            |     4 |     4 |    10 |    10 |    13 |     8 ||    49
       Potion            |       |       |       |       |     1 |     1 ||     2
 Stab: Sleeping          |     2 |     8 |     4 |    13 |       |       ||    27
       Distracted        |       |     2 |     2 |     8 |    12 |     6 ||    30
       Confused          |       |     4 |     8 |    48 |    36 |     2 ||    98
       Paralysed         |       |       |     1 |       |    11 |     7 ||    19
       Invisible         |       |       |       |     1 |    16 |     5 ||    22
  Eat: Chunk             |     4 |     9 |    11 |    12 |    30 |    15 ||    81
       Ration            |       |       |     1 |     6 |       |     1 ||     8
Armor: Robe              |    21 |    20 |    80 |    71 |       |       ||   192
       Plate armour      |       |       |       |   212 |   698 |   466 ||  1376
Dodge: Dodged            |    54 |    53 |   145 |   285 |   421 |   286 ||  1244
Block: Buckler           |       |       |     4 |   122 |   234 |   141 ||   501

Table legend:
 A = Non-vault XP
 B = Vault XP
 C = Vault XP percentage of total XP
 D = Non-vault monster count
 E = Vault monster count
 F = Vault count percentage of total count
                 A         B        C        D         E       F
            +---------+---------+-------+---------+---------+-------
      Total |  127995 |   66889 |  34.3 |     707 |     238 |  25.2
            +---------+---------+-------+---------+---------+-------
        D:1 |      36 |       0 |   0.0 |      20 |       0 |   0.0
        D:2 |      29 |       0 |   0.0 |      14 |       0 |   0.0
        D:3 |     190 |      19 |   9.1 |      32 |       1 |   3.0
        D:4 |     242 |       0 |   0.0 |      22 |       0 |   0.0
        D:5 |     439 |     109 |  19.9 |      13 |      11 |  45.8
        D:6 |    1217 |      91 |   7.0 |      36 |       1 |   2.7
        D:7 |    1205 |     464 |  27.8 |      23 |       4 |  14.8
        D:8 |     740 |     675 |  47.7 |      19 |       7 |  26.9
        D:9 |     925 |       0 |   0.0 |      13 |       0 |   0.0
       D:10 |    1742 |       0 |   0.0 |      25 |       0 |   0.0
       D:11 |    3730 |       0 |   0.0 |      16 |       0 |   0.0
       D:12 |    5384 |    4129 |  43.4 |      28 |      24 |  46.2
       D:13 |    3148 |       0 |   0.0 |      22 |       0 |   0.0
       D:14 |    7765 |    4633 |  37.4 |      28 |      20 |  41.7
       D:15 |    7337 |     554 |   7.0 |      25 |       1 |   3.8
     Lair:1 |    3961 |       0 |   0.0 |      19 |       0 |   0.0
     Lair:2 |    1980 |    1385 |  41.2 |       7 |       5 |  41.7
     Lair:3 |    3110 |    2536 |  44.9 |      16 |      23 |  59.0
     Lair:4 |    6207 |    3024 |  32.8 |      24 |       4 |  14.3
     Lair:5 |    5111 |       0 |   0.0 |      26 |       0 |   0.0
     Lair:6 |    9809 |   13332 |  57.6 |      41 |      41 |  50.0
    Swamp:1 |   11282 |       0 |   0.0 |      34 |       0 |   0.0
    Swamp:2 |   16653 |    3163 |  16.0 |      43 |       6 |  12.2
    Swamp:3 |   13975 |       0 |   0.0 |      33 |       0 |   0.0
    Swamp:4 |    7446 |   18841 |  71.7 |      30 |      25 |  45.5
   Spider:1 |    4071 |    1261 |  23.6 |      14 |       4 |  22.2
      Orc:1 |    7193 |    1294 |  15.2 |      55 |       6 |   9.8
      Orc:2 |    3068 |    4582 |  59.9 |      29 |      37 |  56.1
      IceCv |       0 |    1225 | 100.0 |       0 |       7 | 100.0
    Volcano |       0 |    5572 | 100.0 |       0 |      11 | 100.0
            +---------+---------+-------+---------+---------+-------
